 Dungeon Crawl Stone Soup version 0.27-a0-1278-g6cbc8dfb29 (webtiles) character file.

Game seed: 5723439409817721958

3982 flotson the Skirmisher (level 10, -2/77 HPs)
             Began as a Demonspawn Fighter on June 11, 2021.
             Slain by a two-headed ogre (11 damage)
             ... on level 8 of the Dungeon on June 12, 2021.
             The game lasted 00:18:47 (10971 turns).

flotson the Skirmisher (Demonspawn Fighter)        Turns: 10971, Time: 00:18:48

Health: -2/77      AC: 11    Str: 20    XL:     10   Next: 2%
Magic:  10/10      EV: 10    Int:  9    God:
Gold:   153        SH: 15    Dex: 13    Spells: 9/9 levels left

rFire    . . .     SeeInvis .   a - +3 hand axe (elec)
rCold    . . .     Faith    .   K - +0 tower shield
rNeg     . . .     Spirit   .   l - +0 acid dragon scales
rPois    .         Reflect  .   (helmet restricted)
rElec    .         Harm     .   e - scarf {shadows}
rCorr    +         Rampage  .   n - +0 pair of gloves
Will     +....                  J - +1 pair of boots {Stlth+}
Stlth    ++........             (no amulet)
HPRegen  0.22/turn              B - ring of willpower
MPRegen  0.12/turn              (no ring)

@: mighty
A: horns 2, ignite blood 2, sturdy frame 1
a: no special abilities


You were on level 8 of the Dungeon.
You visited 2 branches of the dungeon, and saw 9 of its levels.
You also visited: Ossuary.

You collected 456 gold pieces.
You spent 303 gold pieces at shops.

Inventory:

Hand Weapons
 a - a +3 hand axe of electrocution (weapon)
 b - a +0 hunting sling
 x - a +1 war axe of flaming
Missiles
 c - 8 datura-tipped darts
 g - 6 boomerangs (quivered)
 v - 48 sling bullets
Armour
 e - a scarf of shadows (worn)
 l - +0 acid dragon scales (worn)
 n - a +0 pair of gloves (worn)
 J - a +1 pair of boots of stealth (worn)
 K - a +0 tower shield (worn)
Jewellery
 B - a ring of willpower (left hand)
Wands
 u - a wand of flame (34)
Scrolls
 f - 7 scrolls of identify {unknown}
 h - 3 scrolls of blinking {unknown}
 i - a scroll of fog {unknown}
 o - 5 scrolls of enchant armour {unknown}
 p - 2 scrolls of teleportation {unknown}
 r - 2 scrolls of magic mapping {unknown}
 t - a scroll of fear {unknown}
 w - a scroll of noise {unknown}
 y - 2 scrolls of silence {unknown}
 A - a scroll of summoning {unknown}
 D - a scroll of immolation {unknown}
 E - a scroll of holy word {unknown}
 F - 2 scrolls of vulnerability {unknown}
 H - a scroll of acquirement {unknown}
Potions
 d - a potion of might
 j - 6 potions of curing
 k - a potion of cancellation {unknown}
 m - 3 potions of heal wounds {unknown}
 q - a potion of resistance {unknown}
 s - a potion of attraction {unknown}
 z - 2 potions of ambrosia {unknown}
 C - 3 potions of haste {unknown}
 G - a potion of mutation {unknown}
 I - 4 potions of magic {unknown}


   Skills:
 + Level 6.8 Fighting
 + Level 5.7 Axes
 + Level 0.0 Throwing
 + Level 6.1 Armour
 + Level 5.3 Dodging
 + Level 6.3 Shields
 + Level 4.7 Evocations


You had 9 spell levels left.
You didn't know any spells.
Your spell library contained the following spells:

 Spells                   Type           Power      Damage    Failure   Level
 Ice Form                 Ice/Tmut       0%         N/A       100%        4
 Summon Ice Beast         Ice/Summ       0%         N/A       100%        4
 Freezing Cloud           Conj/Ice/Air   0%         6-21      100%        5
 Simulacrum               Ice/Necr       0%         N/A       100%        6
 Ozocubu's Refrigeration  Ice            0%         4d5       100%        7


Dungeon Overview and Level Annotations

Branches:
Dungeon (8/15)             Temple (1/1) D:5         Ossuary (visited)
   Lair: D:8-11

Altars:
Ashenzari
Cheibriados
Dithmenos
Hepliaklqana
Kikubaaqudgha
Makhleb
Nemelex Xobeh
Okawaru
Qazlal
Ru
Sif Muna
Trog
Uskayaw
Wu Jian
Xom
Yredelemnul
Zin
The Shining One

Shops:
D:8 [(


Innate Abilities, Weirdness & Mutations

You have a pair of horns on your head.
Your demonic aura often causes spilled blood to erupt in flames.
Your movements are slightly less encumbered by armour. (ER -2)


Message History

Press: ? - help, Q - select action, (/) - cycle Shift-Dir - straight line, f/p - two-headed ogre
Aim: a two-headed ogre, wielding a +0 giant club and a +0 giant spiked club (74% to hit)
You throw a boomerang.
The boomerang hits the two-headed ogre but does no damage.
You feel very mighty all of a sudden. You block the two-headed ogre's attack.
The two-headed ogre hits you with a +0 giant spiked club!
Throw: 6 boomerangs
Press: ? - help, Q - select action, (/) - cycle Shift-Dir - straight line, f/p - two-headed ogre
Aim: a two-headed ogre, wielding a +0 giant club and a +0 giant spiked club (flame, 74% to hit)
You throw a boomerang. The boomerang hits the two-headed ogre.
The two-headed ogre is lightly wounded.
The two-headed ogre is engulfed in blazing flames. x2
The two-headed ogre hits you with a +0 giant club!!
You block the two-headed ogre's attack.
You hit the two-headed ogre but do no damage.
The two-headed ogre is heavily wounded.
The two-headed ogre is engulfed in blazing flames.
You block the two-headed ogre's attack. x2
You hit the two-headed ogre. You headbutt the two-headed ogre!
The two-headed ogre is almost dead.
The two-headed ogre closely misses you. You block the two-headed ogre's attack.
Your shield prevents you from hitting the two-headed ogre.
The two-headed ogre is almost dead.
The two-headed ogre hits you with a +0 giant club!
You block the two-headed ogre's attack.
You hit the two-headed ogre.
The two-headed ogre is almost dead.
The two-headed ogre hits you with a +0 giant club!
* * * LOW HITPOINT WARNING * * *
The two-headed ogre hits you with a +0 giant spiked club!
* * * LOW HITPOINT WARNING * * *
Throw: 6 boomerangs
Press: ? - help, Q - select action, (/) - cycle Shift-Dir - straight line, f/p - two-headed ogre
Aim: a two-headed ogre, wielding a +0 giant club and a +0 giant spiked club (almost dead, 75% to hit)
You throw a boomerang.
The boomerang hits the two-headed ogre but does no damage.
The two-headed ogre is almost dead.
The two-headed ogre hits you with a +0 giant club!
You die...

.########....##∩.......#
.##...###....##........
.............##...###.# ##
.............##...###.#..#
..............#....#.....#
..............#....'.....#
..............#..○.#.....#
.##..######..##.O######.##
.#######.##'###.@# #
.................#
<................#
.....##..##..##..#
.....##..##.(##..#
.....##......+...#
)............#########
)............##..##.(##
.[...##'###..##..'....#


You could see a two-headed ogre.

Vanquished Creatures
  Maggie (D:8)
  A troll (D:6)
  A steam dragon (D:8)
  2 black bears
  A sky beast (D:4)
  3 hornet zombies (Ossuary)
  3 centaurs
  2 wyvern zombies (Ossuary)
  Blork the orc (D:4)
  4 bullfrogs
  3 scorpions
  2 water moccasin zombies (Ossuary)
  3 killer bees (D:7)
  The ghost of kd29 the Ruffian, a weakling DrTm (D:4)
  3 wights (D:7)
  A howler monkey (D:6)
  4 bullfrog zombies
  8 centaur zombies
  A jelly (D:4)
  3 orc priests
  2 centaur skeletons
  A bullfrog skeleton (D:4)
  A gnoll shaman (D:5)
  A hound (D:7)
  4 iguanas
  6 orc wizards
  A killer bee zombie (Ossuary)
  A hound skeleton (D:4)
  4 howler monkey zombies
  16 mummies (Ossuary)
  5 gnolls
  7 adders
  2 white imps (D:8)
  An adder skeleton (D:4)
  3 worms (D:2)
  A dart slug (D:2)
  21 orcs
  6 ball pythons
  2 bats
  7 endoplasms
  2 giant cockroaches (D:1)
  7 goblins
  4 hobgoblins
  5 jackals
  7 kobolds
  6 quokkas
  3 frilled lizards
  20 rats
194 creatures vanquished.

Vanquished Creatures (others)
  6 withered plants (Ossuary)
6 creatures vanquished.

Grand Total: 200 creatures vanquished

Notes
Turn   | Place    | Note
-------+----------+-------------------------------------------
     0 | D:1      | flotson the Demonspawn Fighter began the quest for the Orb.
     0 | D:1      | Reached XP level 1. HP: 18/18 MP: 1/1
   212 | D:1      | Gained mutation: You have a pair of small horns on your
                  | head. [demonic ancestry]
   212 | D:1      | Reached XP level 2. HP: 11/24 MP: 2/2
   677 | D:1      | Reached XP level 3. HP: 26/29 MP: 3/3
   713 | D:1      | Upgraded the game from 0.27-a0-1273-gec92ba881d to
                  | 0.27-a0-1278-g6cbc8dfb29
   877 | D:2      | Reached skill level 1 in Dodging
  1402 | D:2      | Gained mutation: You have a pair of horns on your head.
                  | [demonic ancestry]
  1402 | D:2      | Reached XP level 4. HP: 28/35 MP: 4/4
  2212 | D:3      | Gained mutation: Your demonic aura sometimes causes spilled
                  | blood to erupt in flames. [demonic ancestry]
  2212 | D:3      | Reached XP level 5. HP: 39/42 MP: 5/5
  2769 | D:4      | Noticed Blork the orc
  2779 | D:4      | Killed Blork the orc
  2789 | D:4      | Reached XP level 6. HP: 12/48 MP: 6/6
  3223 | D:4      | Found a transporter.
  3229 | D:4      | Found a transporter.
  3229 | D:4      | Noticed kd29's ghost (weakling DrTm)
  3933 | D:4      | Killed kd29's ghost
  4019 | D:4      | Gained mutation: Your demonic aura often causes spilled
                  | blood to erupt in flames. [demonic ancestry]
  4019 | D:4      | Reached XP level 7. HP: 49/55 MP: 7/7
  4076 | D:5      | Entered Level 5 of the Dungeon
  4213 | D:4      | HP: 1/55 [sky beast (5)]
  4600 | D:5      | Found a sacrificial altar of Ru.
  4749 | D:5      | Reached skill level 1 in Evocations
  5150 | D:5      | Found a staircase to the Ecumenical Temple.
  5161 | Temple   | Entered the Ecumenical Temple
  5325 | D:5      | Reached skill level 5 in Fighting
  5620 | D:6      | Found a hide-covered altar of Uskayaw.
  5679 | D:6      | Gained mutation: Your movements are slightly less
                  | encumbered by armour. (ER -2) [demonic ancestry]
  5679 | D:6      | Reached XP level 8. HP: 25/62 MP: 8/8
  6214 | D:6      | Found a broken altar of Ashenzari.
  6956 | D:7      | Reached skill level 5 in Shields
  6982 | D:7      | Reached skill level 5 in Armour
  7144 | D:7      | Found a burning altar of Makhleb.
  7504 | D:7      | Found a sand-covered staircase.
  7512 | Ossuary  | Entered an ossuary
  7530 | Ossuary  | Reached XP level 9. HP: 59/69 MP: 9/9
  7733 | Ossuary  | Reached skill level 5 in Axes
  8442 | D:7      | Noticed a troll
  9094 | D:6      | Found a hide-covered altar of Uskayaw.
  9231 | D:6      | Found a broken altar of Ashenzari.
  9335 | D:6      | Killed a troll
  9336 | D:6      | Reached skill level 5 in Dodging
 10131 | D:8      | Noticed Maggie
 10702 | D:8      | Killed Maggie
 10703 | D:8      | Reached XP level 10. HP: 39/77 MP: 10/10
 10894 | D:8      | Found Cuusteuwn's Armour Boutique.
 10897 | D:8      | Bought a +1 pair of boots of stealth for 198 gold pieces
 10897 | D:8      | Bought a +0 tower shield for 54 gold pieces
 10915 | D:8      | Found Apohiem's Weapon Shoppe.
 10922 | D:8      | Bought 8 datura-tipped darts for 51 gold pieces
 10922 | D:8      | Noticed a two-headed ogre
 10971 | D:8      | Slain by a two-headed ogre

Illustrated notes

Levels and vault maps discovered:
D:1:      wander_arrival_peaceful_grave, layout_basic
D:2:      minmay_angry_zag, layout_basic, minmay_rat_hole
D:3:      layout_basic
D:4:      layout_basic, gammafunk_ghost_arena, uniq_blork_the_orc
D:5:      layout_cave_pools, nicolae_ru_awakened_eye, zin_scriptorium,
          minmay_temple_entry_glass, serial_rivers,
          chequers_serial_rivers_micro_e, chequers_serial_rivers_micro_d,
          chequers_serial_rivers_marsh, chequers_serial_rivers_micro_a,
          st_stairs_8
D:6:      layout_basic, nicolae_ashenzari_panopticon,
          nicolae_uskayaw_dance_hall, nicolae_overflow_hidden_temple
D:7:      layout_loops_ring, kennysheep_mini_moat, nicolae_ossuary_entry_plus
D:8:      layout_gridville, serial_shops, shop, nicolae_shop_behind_doors,
          uniq_maggie
Temple:   cyrus_circular_temple

Skill      XL: |  1  2  3  4  5  6  7  8  9 |
---------------+----------------------------+-----
Axes           | 2 3 4 5 |  5.7
Dodging        | 1 2 3 4 5 |  5.3
Shields        | 3 4 5 6 |  6.3
Armour         | 3 4 5 6 |  6.1
Fighting       | 4 5 6 |  6.8
Evocations     | 1 3 4 |  4.7

Action                   |  1- 3 |  4- 6 |  7- 9 | 10-12 || total
-------------------------+-------+-------+-------+-------++-------
Melee: War axe           |    27 |       |       |       ||    27
       Short sword       |    51 |   152 |    18 |       ||   221
       Headbutt          |     4 |    27 |    57 |     1 ||    89
       Hand axe          |       |       |   303 |     4 ||   307
 Fire: Hunting sling     |    18 |    13 |    25 |       ||    56
Throw: Stone             |       |     1 |       |       ||     1
       Throwing net      |       |       |     1 |       ||     1
       Boomerang         |       |       |       |     4 ||     4
  Use: Potion            |       |     1 |     2 |     1 ||     4
 Stab: Invisible         |       |       |     1 |       ||     1
Armor: Scale mail        |    35 |    83 |   118 |       ||   236
       Troll leather arm |       |       |     9 |       ||     9
Dodge: Dodged            |    32 |    49 |   131 |     1 ||   213
Block: Kite shield       |    49 |    79 |   162 |       ||   290
       Tower shield      |       |       |       |     6 ||     6

Table legend: (Time is in decaauts)
 A = Elapsed time spent in this place.
 B = Non-inter-level travel time spent in this place.
 C = Inter-level travel time spent in this place.
 D = Time resting spent in this place.
 E = Time spent auto-exploring this place.
 F = Levels seen in this place.
 G = Mean time per level.
                   A        B        C        D        E       F      G
               +--------+--------+--------+--------+--------+-----+--------+
         Total |  11185 |  10803 |    382 |   1050 |   7895 |  10 | 1118.5 |
       Dungeon |  10190 |   9818 |    372 |   1050 |   7173 |   8 | 1273.8 |
        Temple |     68 |     58 |     10 |      0 |     56 |   1 |   68.0 |
       Ossuary |    926 |    926 |      0 |      0 |    665 |   1 |  926.0 |
               +--------+--------+--------+--------+--------+-----+--------+

Top non-repeatable levels by time:
     D:6: 2327 daAuts
     D:5: 1301 daAuts
     D:4: 1277 daAuts
     D:3: 1248 daAuts
     D:7: 1204 daAuts
     D:2: 1124 daAuts
 Ossuary: 926 daAuts
     D:1: 872 daAuts
     D:8: 832 daAuts
  Temple: 68 daAuts
